 Dungeon Crawl Stone Soup version bcrawl-1.19.2-6-g6a88ae04c9 (webtiles) character file.

Game seed: 9997740975484396527

2102 Mrkan the Archer (level 9, -6/79 HPs)
             Began as a Centaur Hunter on Jan 14, 2020.
             Was a Believer of Okawaru.
             Mangled by a two-headed ogre
             ... wielding a +0 giant club
              (13 damage)
             ... on level 6 of the Dungeon.
             The game lasted 00:15:33 (6647 turns).

Mrkan the Archer (Centaur Hunter)                   Turns: 6647, Time: 00:15:33

Health: -6/79      AC:  9    Str: 17    XL:     9   Next: 7%
Magic:  9/9        EV:  2    Int: 10    God:    Okawaru [**....]
Gold:   670        SH:  0    Dex: 11    Spells: 8/8 levels left

rFire    . . .     SeeInvis .   a - +3 shortbow
rCold    . . .     Gourm    .   (shield currently unavailable)
rNeg     . . .     Faith    .   c - +0 plate armour
rPois    .         Spirit   .   (no helmet)
rElec    .         Reflect  .   (no cloak)
rCorr    .         Harm     .   v - +0 pair of gloves
MR       .....                  (no barding)
Stlth    ..........             (no amulet)
HPRegen  0.23/turn              (no ring)
MPRegen  0.11/turn              (no ring)

@: lightly drained, very quick
A: large, hooves 3, deformed body, speed 2, tough skin 3
a: Heroism, Renounce Religion


You were on level 6 of the Dungeon.
You worshipped Okawaru.
Okawaru was pleased with you.
You were not hungry.

You visited 1 branch of the dungeon, and saw 7 of its levels.

You collected 670 gold pieces.

Inventory:

Hand Weapons
 a - a +3 shortbow (weapon)
 A - the +3 long sword of Qaokhleopt {slice, Int+3}
   (You found it on level 6 of the Dungeon)

   It inflicts extra damage upon your enemies.
   It affects your intelligence (+3).
 F - a +5 trident
Missiles
 d - 173 arrows (quivered)
 e - a throwing net {!f}
Armour
 c - a +0 plate armour (worn)
 o - a +0 pair of gloves
 v - a +0 pair of gloves (worn)
 x - the +1 ring mail of True Grit {*Slow rF+ Regen+, unknown}
   (You found it on level 6 of the Dungeon)

   It protects you from fire.
   It increases your rate of regeneration.
   It may slow you when you take damage.
Jewellery
 w - a cursed ring of teleportation {unknown}
 y - an uncursed amulet of faith {unknown}
 C - an uncursed ring of fire {unknown}
 E - an uncursed ring of flight {unknown}
Wands
 h - a wand of scattershot (6)
 p - a wand of flame (23)
Scrolls
 i - a scroll of remove curse
 j - 3 scrolls of teleportation
 k - 7 scrolls of identify
 n - 3 scrolls of enchant weapon
 r - 2 scrolls of fear
 B - a scroll of amnesia
 D - a scroll of magic mapping {unknown}
Potions
 l - 3 potions of heal wounds
 m - a potion of degeneration {unknown}
 q - a potion of curing {unknown}
 s - a potion of mutation
 t - 2 potions of lignification
 u - 2 potions of might {unknown}
 z - a potion of invisibility {unknown}
Comestibles
 f - 12 rations {!d}


   Skills:
 + Level 7.1(6.5) Fighting
 * Level 13.2(12.5) Bows
 - Level 1.3(0.8) Dodging
 - Level 0.5(0.0) Stealth


You had 8 spell levels left.
You didn't know any spells.
Your spell library was empty.

Dungeon Overview and Level Annotations

Branches:
Dungeon (7/12)             Temple (0/1) D:6
   Lair: D:7-9

Altars:
Ashenzari
Dithmenos
Elyvilon
Gozag
Kikubaaqudgha
Makhleb
Nemelex Xobeh
Okawaru
Wu Jian
Xom
The Shining One
Beogh


Innate Abilities, Weirdness & Mutations

You have hooves in place of feet.
Armour fits poorly on your strangely shaped body.
You cover ground very quickly.
You have extremely tough skin. (AC +3)


Message History

You shoot an arrow. The arrow hits the two-headed ogre!
The two-headed ogre is moderately wounded.
Firing (i - inventory. (/) - cycle)
d - 174 arrows (quivered)
Press: ? - help, Shift-Dir - straight line, f/p - two-headed ogre
Aim: a two-headed ogre, wielding a +0 giant club and a +0 giant spiked club (moderately wounded)
You shoot an arrow. The arrow hits the two-headed ogre.
The two-headed ogre is moderately wounded.
The two-headed ogre hits you with a +0 giant club!!
The two-headed ogre hits you with a +0 giant spiked club!
An orc comes into view. It is wielding a +5 short sword.
The orc shouts!
You hear a shout!
The two-headed ogre hits you with a +0 giant club!
The two-headed ogre hits you with a +0 giant spiked club!!
* * * LOW HITPOINT WARNING * * *
You climb upwards.
There is a stone staircase leading down here.
The two-headed ogre hits you with a +0 giant club!
* * * LOW HITPOINT WARNING * * *
The two-headed ogre hits you with a +0 giant spiked club!
You die...

...........##.#..........##......
..........##...##...#............
#......#.....##.##.............<.
#......#................#.....#..
#..............[.......##.....##.
##.....#.....).......#..#........
#.....#..#...##...###.......##.#
##...#########...#####..........
##.## #..@...# ###....#... #.#
###.O.## #...###... ### #>###
##........ ### ###...... ##.....
###.## ###


You could see a two-headed ogre.

Vanquished Creatures
  A cyclops (D:6)
  2 hungry ghosts (D:6)
  A sky beast (D:4)
  An ogre (D:6)
  A centaur (D:6)
  A bullfrog (D:6)
  A scorpion (D:4)
  4 wights (D:6)
  A howler monkey (D:5)
  2 centaur zombies
  A crimson imp (D:5)
  4 hounds
  4 orc priests
  6 orc wizards
  2 worker ants
  A howler monkey zombie (D:6)
  2 gnolls (D:6)
  A howler monkey skeleton (D:6)
  4 adders
  An ooze (D:6)
  6 worms
  6 dart slugs
  5 leopard geckos
  29 orcs
  2 ball pythons
  8 bats
  2 giant cockroaches
  10 hobgoblins
  11 jackals
  2 quokkas (D:3)
  2 frilled lizards (D:1)
  3 goblins
  A jackal skeleton (D:4)
  6 kobolds
  4 rats
138 creatures vanquished.

Notes
Turn   | Place    | Note
-------+----------+-------------------------------------------
     0 | D:1      | Mrkan the Centaur Hunter began the quest for the Orb.
     0 | D:1      | Reached XP level 1. HP: 17/17 MP: 1/1
   175 | D:1      | Reached XP level 2. HP: 24/24 MP: 2/2
   305 | D:1      | Reached skill level 6 in Bows
   489 | D:1      | Reached XP level 3. HP: 25/30 MP: 3/3
   771 | D:2      | Found a shadowy altar of Dithmenos.
   839 | D:2      | Found an opulent altar of Gozag.
  1087 | D:2      | Found a glowing golden altar of the Shining One.
  1285 | D:2      | Found a white marble altar of Elyvilon.
  1463 | D:3      | Reached skill level 7 in Bows
  1463 | D:3      | Reached XP level 4. HP: 38/38 MP: 4/4
  1655 | D:3      | Reached XP level 5. HP: 45/45 MP: 5/5
  2166 | D:3      | Found a shimmering altar of Xom.
  2167 | D:3      | Found a shimmering altar of Xom.
  2168 | D:3      | Found a shimmering altar of Xom.
  2168 | D:3      | Found a shimmering altar of Xom.
  2203 | D:3      | Reached skill level 8 in Bows
  2470 | D:3      | Found a roughly hewn altar of Beogh.
  2483 | D:3      | Reached XP level 6. HP: 52/52 MP: 6/6
  3255 | D:4      | Found a burning altar of Makhleb.
  3263 | D:4      | Got a ripped robe
  3517 | D:4      | Reached skill level 9 in Bows
  3611 | D:4      | Found a shattered altar of Ashenzari.
  3746 | D:4      | Noticed a sky beast
  3751 | D:4      | Killed a sky beast
  4086 | D:5      | Entered Level 5 of the Dungeon
  4098 | D:5      | Reached XP level 7. HP: 42/60 MP: 7/7
  4329 | D:5      | Reached skill level 10 in Bows
  4845 | D:5      | Found an iron altar of Okawaru.
  4859 | D:5      | Became a worshipper of Warmaster Okawaru
  4930 | D:5      | Reached skill level 5 in Fighting
  5223 | D:6      | Found an ancient bone altar of Kikubaaqudgha.
  5231 | D:6      | Got an agate-encrusted ring mail
  5273 | D:6      | Noticed a hungry ghost
  5284 | D:6      | Killed a hungry ghost
  5435 | D:6      | Reached skill level 11 in Bows
  5462 | D:6      | Noticed a cyclops
  5472 | D:6      | Killed a cyclops
  5472 | D:6      | Reached * piety under Okawaru
  5472 | D:6      | Reached skill level 12 in Bows
  5472 | D:6      | Reached XP level 8. HP: 50/70 MP: 8/8
  5475 | D:6      | Found a staircase to the Ecumenical Temple.
  5641 | D:6      | Got a slimy long sword
  6009 | D:6      | Found an ornate altar of the Wu Jian Council.
  6089 | D:6      | Found a sparkling altar of Nemelex Xobeh.
  6300 | D:6      | Reached skill level 13 in Bows
  6438 | D:6      | Reached XP level 9. HP: 40/79 MP: 9/9
  6466 | D:6      | Reached ** piety under Okawaru
  6631 | D:6      | Identified the +3 long sword of Qaokhleopt {slice, Int+3}
                  | (You found it on level 6 of the Dungeon)
  6641 | D:7      | Noticed a two-headed ogre
  6647 | D:6      | Mangled by a two-headed ogre

Skill      XL: |  1  2  3  4  5  6  7  8 |
---------------+-------------------------+-----
Bows           | 6 7 8 9 12 13 | 13.2
Fighting       | 3 4 6 7 |  7.1
Dodging        | |  1.3
Stealth        | |  0.5

Action                   |  1- 3 |  4- 6 |  7- 9 || total
-------------------------+-------+-------+-------++-------
Melee: Shortbow          |       |       |    17 ||    17
       Short sword       |       |       |     8 ||     8
       Kick              |       |       |     3 ||     3
 Fire: Shortbow          |   112 |   169 |   236 ||   517
  Use: Scroll            |       |    12 |       ||    12
  Eat: Chunk             |       |     6 |     6 ||    12
       Ration            |       |       |     3 ||     3
Armor: Leather armour    |    13 |       |       ||    13
       Chain mail        |     6 |    36 |       ||    42
       Plate armour      |       |     8 |    76 ||    84
Dodge: Dodged            |    12 |    14 |    10 ||    36
